 Dungeon Crawl Stone Soup version 0.27-a0-1188-g73eefd5def (webtiles) character file.

Game seed: 15754236263149775554

163 Delamore the Skirmisher (level 5, -10/34 HPs)
             Began as a Gargoyle Fighter on May 22, 2021.
             Killed by divine providence
             ... invoked by an orc priest
              (11 damage)
             ... on level 3 of the Dungeon.
             The game lasted 00:02:26 (2756 turns).

Delamore the Skirmisher (Gargoyle Fighter)          Turns: 2756, Time: 00:02:27

Health: -10/34     AC: 10    Str: 21    XL:     5   Next: 44%
Magic:  5/5        EV:  7    Int:  8    God:
Gold:   72         SH:  9    Dex:  9    Spells: 4/4 levels left

rFire    . . .     SeeInvis .   q - +1 whip (venom)
rCold    . . .     Faith    .   c - +0 kite shield
rNeg     + . .     Spirit   .   b - +0 scale mail
rPois    ∞         Reflect  .   (no helmet)
rElec    +         Harm     .   (no cloak)
rCorr    .         Rampage  .   (no gloves)
Will     .....                  (no boots)
Stlth    ..........             (no amulet)
HPRegen  0.11/turn              (no ring)
MPRegen  0.09/turn              (no ring)

@: no status effects
A: sickness immunity, AC +4, negative energy resistance 1, electricity
resistance, torment resistance 1, petrification resistance
a: no special abilities


You were on level 3 of the Dungeon.
You visited 1 branch of the dungeon, and saw 3 of its levels.

You collected 72 gold pieces.

Inventory:

Hand Weapons
 a - a +0 flail
 q - a +1 whip of venom (weapon)
Missiles
 e - 15 poisoned darts (quivered)
Armour
 b - a +0 scale mail (worn)
 c - a +0 kite shield (worn)
Scrolls
 f - 2 scrolls of teleportation {unknown}
 g - a scroll of amnesia {unknown}
 h - 3 scrolls of identify {unknown}
 i - a scroll of blinking {unknown}
 k - a scroll of torment {unknown}
 l - a scroll of summoning {unknown}
Potions
 d - 2 potions of might
 j - 2 potions of curing
 m - a potion of experience {unknown}
 n - 2 potions of cancellation {unknown}
 o - a potion of flight {unknown}
 p - a potion of heal wounds {unknown}
 r - a potion of brilliance {unknown}


   Skills:
 + Level 4.7 Fighting
 + Level 3.4 Maces & Flails
 - Level 3.2 Armour
 + Level 4.5 Shields


You had 4 spell levels left.
You didn't know any spells.
Your spell library contained the following spells:

 Spells                   Type           Power      Damage    Failure   Level
 Summon Small Mammal      Summ           0%         N/A       99%         1
 Call Imp                 Summ           0%         N/A       100%        2
 Call Canine Familiar     Summ           0%         N/A       100%        3
 Summon Guardian Golem    Hex/Summ       0%         N/A       100%        3
 Summon Ice Beast         Ice/Summ       0%         N/A       100%        4
 Summon Lightning Spire   Summ/Air       0%         N/A       100%        4


Dungeon Overview and Level Annotations

Branches:
Dungeon (3/15)

Altars:
Gozag
Vehumet


Innate Abilities, Weirdness & Mutations

You are immune to sickness and miasma.
Your stone body is resilient. (AC +4)
You are immune to poison.
You resist negative energy. (rN+)
You are resistant to electric shocks. (rElec)
You are resistant to unholy torment.
You are immune to petrification.


Message History

You miss something. Something hits you but does no damage.
You block the orc's attack. The orc hits you but does no damage.
You barely miss the orc. You closely miss the orc.
The orc hits you with a +0 falchion.
You swing at nothing.
You block the orc's attack.
You hit something but do no damage. Something hits you but does no damage.
The orc closely misses you. The orc hits you with a +0 falchion.
You hear some strange, mumbled words.
A puff of flame appears from out of thin air!
The puff of flame hits you.
You hit something but do no damage. You block the orc's attack.
The orc barely misses you. Something hits you but does no damage.
The orc hits you but does no damage.
You closely miss something. The orc completely misses you.
Something hits you but does no damage. The orc barely misses you.
You hit something. You block the orc's attack.
You hear some strange, mumbled words.
A magic dart appears from out of thin air!
The magic dart hits you!
* * * LOW HITPOINT WARNING * * *
You block the orc's attack.
You miss something.
Reactivating autopickup.
You feel a bit more experienced. You block the orc's attack.
The orc hits you but does no damage. The orc hits you with a +0 falchion.
* * * LOW HITPOINT WARNING * * *
You barely miss the orc priest. You block the orc priest's attack.
The orc hits you but does no damage. You block the orc's attack.
The orc priest mumbles some strange prayers to Beogh against you.
Pain shoots through your body!
* * * LOW HITPOINT WARNING * * *
You barely miss the orc priest. You block the orc's attack.
The orc hits you with a +0 falchion.
* * * LOW HITPOINT WARNING * * *
The orc priest hits you but does no damage.
The orc hits you but does no damage.
You closely miss the orc priest. The orc hits you but does no damage.
The orc priest mumbles some strange prayers to Beogh against you.
Beogh smites you!
You die...

###.....### ..#.....#
#.# ##...##.#
#o#.###.#### #.#
##.###.# #o#.#......#
#.# #.[...#
#o#.#.#.##.####.#
#####.#
#.#.#.#.#.......#
#########
#.###.#.#.#.#..######
........#
#.#o..#...#.#..#
......#.#
#.#o#######.#..#
#####.#.#
#.#o@.......#†.#
....#.#.#
#.########.....#
###.#(#.#
#.............##
#.#.#.#
##########.####
#.#.#.#### #.#
###.#.#.#..# #.#
....#.#.#..# #.#
##### #.#..# #.#
#....###########.#


You could see an orc priest and 2 orcs.

Vanquished Creatures
  Ijyb (D:3)
  An orc wizard (D:3)
  5 adders
  2 worms (D:3)
  An orc (D:3)
  6 ball pythons
  9 bats
  8 endoplasms
  2 giant cockroaches
  5 goblins
  8 hobgoblins
  A quokka (D:2)
  2 frilled lizards (D:3)
  5 kobolds
  5 rats
61 creatures vanquished.

Notes
Turn   | Place    | Note
-------+----------+-------------------------------------------
     0 | D:1      | Delamore the Gargoyle Fighter began the quest for the Orb.
     0 | D:1      | Reached XP level 1. HP: 14/14 MP: 1/1
   189 | D:1      | Reached XP level 2. HP: 19/19 MP: 2/2
   253 | D:1      | Found a faded altar of an unknown god.
   665 | D:1      | Reached XP level 3. HP: 24/24 MP: 3/3
  1364 | D:2      | Reached XP level 4. HP: 29/29 MP: 4/4
  2148 | D:3      | Noticed Ijyb
  2203 | D:3      | Killed Ijyb
  2213 | D:3      | Reached XP level 5. HP: 18/34 MP: 5/5
  2405 | D:3      | Found an opulent altar of Gozag.
  2407 | D:3      | Found a radiant altar of Vehumet.
  2754 | D:3      | HP: 1/34 [orc priest/nerve-wracking pain (3)]
  2756 | D:3      | Killed from afar by an orc priest

Illustrated notes

Levels and vault maps discovered:
D:1:      ebering_trefoil_3fold, layout_rooms, basic_ecumenical_altar,
          minmay_cut_off
D:2:      layout_basic, minmay_octomino_j4
D:3:      layout_basic, jmf_multi_god_temple, grunt_ministairs_12,
          serial_park_tiny_2, uniq_ijyb

Skill      XL: |  1  2  3  4 |
---------------+-------------+-----
Fighting       | 4 |  4.7
Shields        | 4 |  4.5
Maces & Flails | 3 |  3.4
Armour         | |  3.2

Action                   |  1- 3 |  4- 6 || total
-------------------------+-------+-------++-------
Melee: Flail             |    93 |    92 ||   185
       Whip              |       |    35 ||    35
  Use: Potion            |       |     1 ||     1
Armor: Scale mail        |    57 |   100 ||   157
Dodge: Dodged            |    29 |    53 ||    82
Block: Kite shield       |    62 |    69 ||   131

Table legend: (Time is in decaauts)
 A = Elapsed time spent in this place.
 B = Non-inter-level travel time spent in this place.
 C = Inter-level travel time spent in this place.
 D = Time resting spent in this place.
 E = Time spent auto-exploring this place.
 F = Levels seen in this place.
 G = Mean time per level.
                   A        B        C        D        E       F      G
               +--------+--------+--------+--------+--------+-----+--------+
         Total |   2850 |   2823 |     27 |    402 |   1924 |   3 |  950.0 |
       Dungeon |   2850 |   2823 |     27 |    402 |   1924 |   3 |  950.0 |
               +--------+--------+--------+--------+--------+-----+--------+

Top non-repeatable levels by time:
     D:2: 1377 daAuts
     D:1: 839 daAuts
     D:3: 633 daAuts
